AoeStats
← TheWalker6055

Arena

508789626Analyzed
1v1 RM · 9d ago on Sep 24, 2026· 57m 5s· 2 players
Game mode
Random Map
Map size
Tiny (2 player)
Population
200
Speed
Normal
Resources
Standard
Victory
Conquest
Starting age
Dark Age
Ending age
Imperial Age
RankedLock teamsTeams togetherTeam positionsShared explorationLock speedFull tech treeHidden civsTurbo modeCheats
Victory
Defeat
🇮🇳 Celts · India
768
+17
🇨🇱 Saxons · Chile
782
-17
TheWalker6055
0:27 Loom
11:17 Feudal Age
11:53 Double-Bit Axe
12:40 Gold Mining
14:22 Wheelbarrow
13:33 Town Watch
14:09 Man-at-Arms
17:00 Scale Mail Armor
17:26 Forging
17:17 Horse Collar
23:13 Castle Age
21:06 Stone Mining
21:56 Fletching
22:06 Padded Archer Armor
24:12 Husbandry
23:54 Long Swordsman
25:08 Gambesons
25:11 Arson
28:40 Scale Barding Armor
30:53 Hand Cart
33:51 Heavy Plow
35:27 Ballistics
35:36 Bow Saw
37:39 Stronghold
41:35 Imperial Age
40:23 Murder Holes
40:39 Fortified Wall
41:39 Gold Shaft Mining
41:39 Stone Shaft Mining
41:25 Leather Archer Armor
42:05 Iron Casting
42:15 Fortified Wall
42:16 Masonry
42:41 Conscription
42:56 Hoardings
42:14 Sappers
43:49 Chemistry
43:33 Siege Engineers
43:03 Capped Ram
45:28 Blast Furnace
44:43 Chain Mail Armor
44:52 Town Patrol
45:17 Chain Barding Armor
44:52 Bodkin Arrow
45:27 Ring Archer Armor
45:28 Masonry
45:07 Arrowslits
45:42 Elite Woad Raider
46:13 Cavalier
46:29 Two-Handed Swordsman
46:30 Pikeman
46:55 Arson
47:14 Heated Shot
47:47 Furor Celtica
47:32 Heavy Scorpion
48:31 Siege Ram
49:27 Champion
49:27 Halberdier
52:02 Onager
52:04 Paladin
R-Garín DRL
2:18 Loom
12:28 Feudal Age
14:06 Wheelbarrow
13:56 Horse Collar
14:03 Double-Bit Axe
19:26 Castle Age
18:01 Stone Mining
18:38 Fletching
18:58 Gold Mining
19:30 Forging
37:05 Heavy Plow
41:43 Imperial Age
39:47 Fortified Wall
41:01 Hand Cart
42:06 Gold Shaft Mining
43:17 Capped Ram
45:30 Murder Holes
45:15 Treadmill Crane
46:38 Bow Saw
47:07 Conscription
47:13 Pikeman
47:53 Squires
48:04 Shield Wall
48:46 Elite Skirmisher
49:32 Thumb Ring
51:16 Chemistry
49:57 Treadmill Crane
50:23 Siege Engineers
50:33 Onager
51:26 Cranequins
51:27 Heavy Mounted Crossbowman
55:45 Bodkin Arrow
55:58 Elite Hearth Troop
Connection lost

Rejoining the realm…

Still unreachable

The connection could not be restored.

Session expired

The server has moved on; the page needs a fresh start.